Map: Catalyst LE

Players

uThermal

  • Race: Terran Terran
  • Spawn Location: 5:00

HeroMarine - Winner!

  • Race: Terran Terran
  • Spawn Location: 11:00

Event: WCS Valencia 2018

VOD

Have the link to the VOD?

Description

Time

  • Played on: July 14, 2018, 6:31 a.m.
  • Length: 8:55

All games in this series

Show
View Real Time Build Order
Export as new Build Order

uThermal Terran 

Build Orders: Cyclone Opening, Gas First Reaper Expand, Reaper Expand, MMM Bio 

Get SALT Encoding   

  12  0:01  SCV  
  13  0:13  SCV  
  14  0:18  Supply Depot  
  14  0:25  SCV  
  14  0:27  Refinery  
  15  0:40  SCV  
  16  0:44  Barracks  
  16  0:52  SCV  
  18  1:04  SCV  
  18  1:16  SCV  
  19  1:31  Reaper, Orbital Command  
  20  1:46  Command Center  
  20  1:57  SCV  
  21  2:02  Factory  
  21  2:05  Reaper  
  22  2:12  Refinery  
  22  2:16  Supply Depot  
  22  2:19  SCV  
  23  2:37  SCV  
  24  2:45  Cyclone  
  24  2:48  Barracks Reactor  
  24  2:50  SCV  
  28  2:58  Orbital Command  
  28  3:02  SCV  
  29  3:14  SCV  
  29  3:26  SCV x2  
  30  3:30  Cyclone x2  
  36  3:38  SCV, Command Center  
  36  3:40  SCV  
  38  3:49  Supply Depot  
  38  3:50  SCV  
  38  3:52  Barracks Tech Lab, SCV  
  43  4:02  Cyclone  
  43  4:07  Cyclone  
  46  4:10  SCV x2  
  48  4:22  SCV  
  48  4:23  SCV  
  50  4:26  Marine  
  50  4:27  Stimpack  
  50  4:29  Supply Depot  
  51  4:34  SCV  
  51  4:35  SCV  
  50  4:46  SCV  
  50  4:48  SCV, Marine  
  50  4:50  Cyclone  
  53  4:54  Orbital Command  
  53  4:58  Bunker, Engineering Bay  
  53  4:59  SCV, Engineering Bay  
  54  5:00  SCV  
  54  5:04  Cyclone  
  58  5:09  Marine  
  58  5:11  SCV  
  58  5:12  SCV  
  61  5:21  SCV  
  61  5:23  SCV, Refinery  
  61  5:24  SCV  
  61  5:25  Refinery  
  61  5:27  Marine  
  65  5:33  SCV  
  65  5:35  SCV  
  67  5:37  Supply Depot  
  67  5:41  SCV, Barracks x2  
  68  5:45  Factory Reactor, Marine  
  68  5:46  SCV  
  70  5:50  SCV  
  71  5:57  SCV  
  71  6:02  Terran Infantry Armor Level 1, Terran Infantry Weapons Level 1  
  71  6:03  SCV, Marine  
  74  6:09  SCV  
  75  6:13  Supply Depot  
  75  6:15  SCV, Orbital Command  
  76  6:21  Supply Depot, SCV, Marine  
  78  6:27  Starport, SCV  
  78  6:28  Barracks  
  78  6:30  Marine x2, Barracks  
  78  6:31  Factory Reactor  
  78  6:32  Combat Shields  
  81  6:35  SCV  
  81  6:37  Marine  
  81  6:39  SCV, Marine  
  85  6:40  Marine  
  85  6:42  SCV  
  87  6:47  Marine  
  87  6:48  SCV, Marine  
  87  6:51  SCV  
  91  6:55  Marine  
  91  6:56  SCV  
  91  6:58  Marine  
  91  6:59  Supply Depot  
  91  7:01  Marine  
  95  7:03  Supply Depot  
  95  7:06  SCV  
  96  7:09  Armory, Marine x2  
  96  7:11  Medivac  
  96  7:12  Sensor Tower  
  96  7:13  Factory Tech Lab  
  96  7:15  SCV  
  101  7:18  Barracks Reactor x2  
  101  7:20  Medivac, Marine x2  
  101  7:21  Supply Depot, Marine  
  106  7:26  Marine x2  
  106  7:28  Factory  
  108  7:30  SCV  
  108  7:35  SCV, Refinery  
  108  7:36  Refinery  
  110  7:38  Marine x2  
  110  7:39  Marine  
  110  7:41  Supply Depot  
  110  7:43  Medivac  
  112  7:44  Marine  
  112  7:46  Marine  
  112  7:50  Medivac  
  113  7:53  Siege Tank  
  113  7:56  Marine x2  
  113  7:57  Marine  
  110  8:00  Marine  
  110  8:01  Marine  
  110  8:03  Marine x2  
  110  8:05  Marine x2  
  85  8:12  Factory Tech Lab  
  81  8:14  Marine x2  
  81  8:15  Marine  
  84  8:21  Marine x2  
  84  8:22  Marine  
  84  8:26  SCV, Marine x2  
  90  8:28  Marine  
  90  8:31  Marine  
  90  8:33  SCV  
  93  8:35  Marine  
Show
View Real Time Build Order
Export as new Build Order

HeroMarine Terran - Winner!

Build Orders: Cyclone Opening, MMM Bio 

Get SALT Encoding   

  12  0:00  SCV  
  13  0:12  SCV  
  14  0:17  Supply Depot  
  14  0:25  SCV  
  15  0:29  Refinery  
  15  0:39  SCV  
  16  0:45  Barracks  
  16  0:51  SCV  
  16  0:55  Refinery  
  17  1:03  SCV  
  18  1:15  SCV  
  19  1:31  Orbital Command  
  19  1:33  Factory  
  19  1:36  Reaper  
  20  1:45  Supply Depot  
  20  1:56  SCV  
  22  2:08  Reaper  
  22  2:09  SCV  
  23  2:17  Hellion  
  23  2:21  SCV  
  26  2:28  Command Center  
  26  2:35  SCV  
  27  2:39  Cyclone  
  30  2:44  Supply Depot  
  30  2:52  Starport  
  30  2:54  SCV  
  31  3:02  Barracks Reactor  
  31  3:06  SCV  
  31  3:17  Cyclone  
  31  3:18  SCV  
  35  3:33  Supply Depot, Medivac  
  37  3:36  SCV  
  39  3:48  SCV  
  39  3:53  Factory Tech Lab, Orbital Command, Marine  
  39  3:54  Marine  
  41  4:00  SCV  
  42  4:12  SCV  
  42  4:15  Siege Tank  
  46  4:19  Marine x2  
  46  4:22  SCV  
  49  4:24  SCV  
  49  4:26  Starport Tech Lab  
  50  4:34  SCV  
  50  4:35  Command Center  
  50  4:36  SCV  
  49  4:39  Marine x2  
  48  4:47  SCV  
  48  4:49  SCV  
  49  4:56  Siege Tank  
  49  4:59  SCV  
  53  5:01  SCV  
  53  5:05  Engineering Bay x2  
  54  5:10  Starport Reactor  
  54  5:11  SCV  
  54  5:12  Stimpack, Marine  
  54  5:13  SCV  
  57  5:17  Bunker  
  57  5:23  SCV  
  57  5:25  SCV  
  57  5:26  Barracks  
  57  5:28  Barracks  
  59  5:30  Marine  
  59  5:34  Terran Infantry Armor Level 1, Terran Infantry Weapons Level 1  
  60  5:38  Refinery x2  
  60  5:39  SCV  
  60  5:40  SCV  
  62  5:47  Marine  
  63  5:51  SCV, Orbital Command  
  63  5:52  SCV  
  61  6:03  SCV, Starport Reactor  
  60  6:04  SCV  
  60  6:05  Marine, Siege Tank  
  65  6:13  Orbital Command  
  65  6:16  Barracks  
  65  6:17  Barracks  
  65  6:18  Marine x2  
  65  6:22  SCV x2  
  65  6:23  Marine  
  65  6:24  Supply Depot, Marine x2  
  71  6:33  Supply Depot  
  71  6:34  SCV x2  
  71  6:36  Marine x2  
  75  6:41  Marine  
  75  6:42  Marine  
  75  6:46  Marine, Siege Tank  
  81  6:50  Orbital Command  
  81  6:52  SCV x2  
  81  6:53  Medivac  
  85  6:54  Medivac, Marine x2  
  85  6:59  Marine  
  90  7:03  Supply Depot  
  90  7:04  Supply Depot, SCV x2  
  90  7:05  Barracks Reactor x2  
  92  7:08  Marine  
  92  7:10  Armory  
  93  7:20  Combat Shields, Marine, SCV x3  
  93  7:21  Siege Tank  
  100  7:25  Marine x3  
  100  7:26  Marine  
  104  7:32  SCV x2  
  104  7:33  SCV  
  104  7:35  Refinery  
  104  7:36  Refinery  
  107  7:38  Marine  
  107  7:40  Supply Depot  
  107  7:43  Marine  
  108  7:45  Marine x2  
  108  7:46  Marine  
  108  7:47  Marine x2  
  108  7:48  SCV x2  
  108  7:50  SCV  
  108  7:51  Marine  
  116  7:57  Marine  
  116  7:59  Siege Tank  
  116  8:00  Marine  
  116  8:01  Marine  
  116  8:03  SCV x2, Marine x2  
  116  8:04  Marine  
  115  8:06  Marine  
  115  8:08  SCV  
  115  8:09  Marine x2  
  118  8:15  Marine  
  118  8:18  Marine  
  118  8:19  Marine  
  121  8:29  Factory  
Tags
 
Add a new tag
Caveats
  • Supply blocks, unpowered buildings, or Contaminate may cause inaccurate times.
  • Supply counts are checked every 10 seconds.